 Dungeon Crawl Stone Soup version 0.29-a0-1065-g47a6bb87d6 (webtiles) character file.

Game seed: 9984002812085870821

6144 nickcage the Severer (level 10, 0/77 HPs)
             Began as a Minotaur Abyssal Knight on Aug 18, 2022.
             Was an Elder of Lugonu.
             Slain by a vampire (5 damage)
             ... on level 9 of the Dungeon.
             The game lasted 00:23:15 (9357 turns).

nickcage the Severer (Minotaur Abyssal Knight)      Turns: 9357, Time: 00:23:15

Health: 0/77       AC: 13    Str: 24    XL:     10   Next: 59%
Magic:  11/11      EV:  5    Int:  7    God:    Lugonu [****..]
Gold:   253        SH: 12    Dex: 11    Spells: 9/9 levels left

rFire   + . .      SeeInvis .   s - +3 broad axe of the Exiled Runes {drain, Fly Str+2}
rCold   . . .      Faith    .   I - +0 kite shield
rNeg    . . .      Spirit   .   H - +1 plate armour
rPois   .          Reflect  +   (helmet restricted)
rElec   .          Harm     .   (no cloak)
rCorr   +          Rampage  .   (no gloves)
Will    .....                   w - +0 pair of boots
Stlth   ..........              f - amulet of reflection
HPRegen 0.22/turn               q - ring of protection from fire
MPRegen 0.12/turn               a - ring of resist corrosion

@: flying
A: horns 2, retaliatory headbutt
a: Renounce Religion, Depart the Abyss, Bend Space, Banish, Corrupt


You were on level 9 of the Dungeon.
You worshipped Lugonu.
Lugonu was greatly pleased with you.
You visited 1 branch of the dungeon, and saw 9 of its levels.
You visited the Abyss 1 time.

You collected 529 gold pieces.
You spent 276 gold pieces at shops.

Inventory:

Hand Weapons
 l - a +5 flail
 m - a +2 mace of protection
 s - the +3 broad axe of the Exiled Runes (weapon) {drain, Fly Str+2}
   (You found it on level 3 of the Dungeon)

   A truly terrible weapon, it drains the life of any living foe it strikes.
   Str:       It affects your strength (+2).
   Fly:       It grants you flight.
 u - a +2 flail
Missiles
 b - 2 throwing nets
 r - 5 boomerangs (quivered)
Armour
 w - a +0 pair of boots (worn)
 H - a +1 plate armour (worn)
 I - a +0 kite shield (worn)
Jewellery
 a - a ring of resist corrosion (right hand)
 d - an amulet of the acrobat
 f - an amulet of reflection (around neck)
 k - a ring of wizardry
 q - a ring of protection from fire (left hand)
 D - a ring of fire
 G - a ring of wizardry
Wands
 y - a wand of flame (14)
 B - a wand of paralysis (8)
 F - a wand of polymorph (7)
Scrolls
 e - 4 scrolls of fog
 j - 2 scrolls of noise
 o - 2 scrolls of fear
 A - a scroll of enchant armour
 E - a scroll of teleportation
Potions
 c - 5 potions of cancellation
 g - 3 potions of resistance
 h - 4 potions of curing
 i - a potion of brilliance
 n - a potion of might {unknown}
 p - 3 potions of lignification
 t - a potion of attraction {unknown}
 v - a potion of haste {unknown}
 x - a potion of degeneration {unknown}
 z - a potion of berserk rage {unknown}
 C - a potion of flight {unknown}
 J - 2 potions of heal wounds {unknown}


   Skills:
 - Level 3.6 Fighting
 + Level 17.2(17.6) Axes
 - Level 6.0(12.7) Maces & Flails
 - Level 2.4 Armour
 - Level 1.1 Dodging
 - Level 1.0 Shields
 * Level 3.7 Invocations


You had 9 spell levels left.
You didn't know any spells.
Your spell library contained the following spells:

 Spells                   Type           Power      Damage    Failure   Level
 Apportation              Tloc           0%         N/A       100%        1
 Foxfire                  Conj/Fire      0%         2x1d4     100%        1
 Shock                    Conj/Air       0%         1d3       100%        1
 Poisonous Vapours        Pois/Air       0%         N/A       100%        2
 Conjure Flame            Conj/Fire      0%         6-21      100%        3
 Inner Flame              Hex/Fire       0%         N/A       100%        3
 Portal Projectile        Hex/Tloc       0%         N/A       100%        3
 Swiftness                Air            0%         N/A       100%        3
 Tukima's Dance           Hex            0%         N/A       100%        3
 Airstrike                Air            0%         2d(0-16)  100%        4
 Animate Dead             Necr           0%         N/A       100%        4
 Corpse Rot               Necr/Pois/Air  0%         N/A       100%        4
 Flame Wave               Conj/Fire      0%         2d4       100%        4
 Alistair's Intoxication  Tmut/Pois      0%         N/A       100%        5
 Blade Hands              Tmut           0%         N/A       100%        5
 Borgnjor's Vile Clutch   Necr/Erth      0%         N/A       100%        5
 Death Channel            Necr           0%         N/A       100%        6
 Chain Lightning          Conj/Air       0%         N/A       100%        9
 Fire Storm               Conj/Fire      0%         5d1       100%        9
 Shatter                  Erth           0%         3d5*      100%        9


Dungeon Overview and Level Annotations

Branches:
Dungeon (9/15)             Temple (0/1) D:7            Lair (0/5) D:8
    Orc (0/2) D:9

Altars:
Ashenzari
Cheibriados
Dithmenos
Elyvilon
Fedhas
Kikubaaqudgha
Qazlal

Shops:
D:3 (   D:7 [   D:8 :


Innate Abilities, Weirdness & Mutations

You have a pair of horns on your head.
You reflexively headbutt those who attack you in melee.


Message History

The kobold brigand throws a poisoned dart.
The poisoned dart barely misses you.
You hit something but do no damage. Something hits you.
Something bites you but does no damage.
You hit something. Your headbutt misses something. Something hits you.
Something bites you.
Something draws strength from your injuries!
The kobold brigand throws a poisoned dart.
You reflect the poisoned dart off an invisible shield around you!
You completely miss something. Something hits you!
Something bites you but does no damage.
The kobold brigand throws a poisoned dart.
You reflect the poisoned dart off an invisible shield around you!
You are too injured to fight recklessly!
You are too injured to fight recklessly!
You slash something!
You hear some strange, mumbled words.
Something tries to affect you, but you resist.
You hit something. Your headbutt misses something.
Something hits you but does no damage. You block something's attack.
The kobold brigand throws a poisoned dart.
You hit something. You closely miss something. You headbutt something.
Something draws life force from you!
* * * LOW HITPOINT WARNING * * *
You slice something!! Something hits you but does no damage.
Something completely misses you.
The kobold brigand throws a poisoned dart.
You barely miss something. Something draws life force from you!
* * * LOW HITPOINT WARNING * * *
The kobold brigand throws a poisoned dart.
You slash something! Your headbutt misses something.
The kobold brigand throws a poisoned dart.
Something completely misses you. Something bites you.
* * * LOW HITPOINT WARNING * * *
Something draws strength from your injuries!
You feel better. Something hits you.
* * * LOW HITPOINT WARNING * * *
Something bites you.
You die...

#####. #..### ♣
###... ♣.♣# ###
#.##.. ♣ ..♣ ♣♣♣
♣♣.♣♣#.#### ♣.♣
♣.♣♣.♣♣♣...♣#.###.
♣.. ♣..♣..........##.
♣..♣♣.♣♣♣♣♣...♣#..#..
♣.K{@♣♣ ♣♣.♣♣#.....
################.....
....................
...........(.......#
....................
.......<...........)
....................
....................
....................


You could see a kobold brigand.

Vanquished Creatures
  A two-headed ogre (D:9)
  Pikel (D:8)
  A troll (D:9)
  A wyvern (D:8)
  8 yaks (D:9)
  A steam dragon (D:9)
  2 water moccasins
  An acid dragon (D:8)
  An orc warrior (D:9)
  A sky beast (D:8)
  An ogre (D:5)
  3 centaurs
  3 lemures (D:8)
  Blork the orc (D:4)
  4 phantoms
  4 kobold brigands
  4 bullfrogs
  2 gnoll sergeants
  2 scorpions
  4 necrophages
  3 wights (D:7)
  12 killer bees
  2 howler monkeys (D:7)
  2 jellies
  A gnoll bouda (D:9)
  2 hounds
  3 iguanas
  14 gnolls
  7 adders
  A white imp (D:7)
  An ufetubus (D:7)
  A worm (D:4)
  3 dart slugs (D:1)
  6 orcs
  5 ball pythons
  8 endoplasms
  4 giant cockroaches
  4 goblins
  5 hobgoblins
  5 jackals
  10 kobolds
  3 quokkas
  3 bats
  A frilled lizard (D:1)
  3 rats (D:2)
155 creatures vanquished.

Vanquished Creatures (others)
  A fungus (D:8)
  37 plants (D:2)
38 creatures vanquished.

Grand Total: 193 creatures vanquished

Notes
Turn   | Place    | Note
-------+----------+-------------------------------------------
     0 | Abyss:1  | nickcage the Minotaur Abyssal Knight began the quest for
                  | the Orb.
     0 | Abyss:1  | Reached XP level 1. HP: 19/19 MP: 1/1
     1 | D:1      | Escaped the Abyss
    66 | D:1      | Found a faded altar of an unknown god.
   206 | D:1      | Reached XP level 2. HP: 26/26 MP: 2/2
   916 | D:1      | Reached XP level 3. HP: 31/31 MP: 3/3
  1287 | D:2      | Reached skill level 5 in Maces & Flails
  1300 | D:2      | Reached *** piety under Lugonu
  1550 | D:2      | Reached XP level 4. HP: 36/39 MP: 4/4
  2038 | D:3      | Found a white marble altar of Elyvilon.
  2102 | D:3      | Identified the +3 broad axe of the Exiled Runes {drain, Fly
                  | Str+2}
  2231 | D:3      | Found a broken altar of Ashenzari.
  2345 | D:3      | Found Vucsu's Antique Weapon Boutique.
  2414 | D:3      | Reached skill level 1 in Shields
  2607 | D:4      | Found an ancient bone altar of Kikubaaqudgha.
  2648 | D:4      | Noticed a scorpion
  2654 | D:4      | Killed a scorpion
  2655 | D:4      | Reached skill level 2 in Axes
  2655 | D:4      | Reached XP level 5. HP: 37/45 MP: 5/5
  2802 | D:4      | Reached skill level 3 in Axes
  2804 | D:4      | Noticed Blork the orc
  2805 | D:4      | Noticed a phantom
  2827 | D:4      | Killed a phantom
  2828 | D:4      | Reached skill level 4 in Axes
  2828 | D:4      | Reached XP level 6. HP: 17/51 MP: 6/6
  2830 | D:4      | Killed Blork the orc
  2831 | D:4      | Reached skill level 5 in Axes
  3226 | D:4      | Reached skill level 6 in Axes
  3550 | D:5      | Entered Level 5 of the Dungeon
  3567 | D:5      | Reached XP level 7. HP: 43/57 MP: 7/7
  3712 | D:5      | Reached skill level 7 in Axes
  4639 | D:6      | Reached skill level 8 in Axes
  4900 | D:6      | Reached skill level 9 in Axes
  4906 | D:6      | Reached XP level 8. HP: 54/64 MP: 8/8
  4909 | D:6      | Reached **** piety under Lugonu
  5332 | D:6      | Found a shadowy altar of Dithmenos.
  5338 | D:6      | Reached skill level 10 in Axes
  5494 | D:7      | Found Sugast's Armour Shop.
  5502 | D:7      | Bought a +0 plate armour for 276 gold pieces
  5638 | D:7      | Found a blossoming altar of Fedhas.
  5651 | D:7      | Reached skill level 11 in Axes
  6013 | D:7      | Reached skill level 12 in Axes
  6326 | D:7      | Found a staircase to the Ecumenical Temple.
  6517 | D:7      | Reached XP level 9. HP: 61/70 MP: 9/9
  6790 | D:8      | Found a staircase to the Lair.
  6920 | D:8      | Reached skill level 13 in Axes
  6923 | D:8      | HP: 3/70 [killer bee (3)]
  7247 | D:8      | Found a snail-covered altar of Cheibriados.
  7277 | D:8      | Noticed Pikel
  7324 | D:8      | Killed Pikel
  7325 | D:8      | Reached skill level 14 in Axes
  7453 | D:8      | Found Ygozxupn's Tremendous Tomes.
  7662 | D:8      | Found a stormy altar of Qazlal.
  8084 | D:9      | Found a staircase to the Orcish Mines.
  8132 | D:9      | Reached skill level 15 in Axes
  8376 | D:9      | Reached XP level 10. HP: 64/77 MP: 10/10
  8690 | D:9      | Reached skill level 16 in Axes
  8807 | D:9      | Noticed a two-headed ogre
  9059 | D:9      | Killed a two-headed ogre
  9060 | D:9      | Reached skill level 17 in Axes
  9357 | D:9      | Slain by a vampire

Illustrated notes

Levels and vault maps discovered:
D:1:      dpeg_arrival_orchard, layout_basic, hellmonk_ecumenical_altar_zigzags,
          kennysheep_flooded_box
D:2:      layout_loops_ring, serial_glass, glass_columns_a, glass_columns_a,
          serial_bayou_lagoon_a
D:3:      layout_rooms, mainiacjoe_overflow_alcove_2, elyvilon_altar_1,
          serial_shops, nicolae_shop_trees, minmay_randomly_rotated_circles
D:4:      layout_cave_pools, lemuel_crystal_altar, uniq_blork_the_orc
D:5:      layout_basic, minmay_misc_feat_doors
D:6:      layout_basic, grunt_dithmenos_shadows
D:7:      layout_basic, fedhas_bush_and_centaur_altar,
          minmay_temple_entry_ruins, serial_shops, shop
D:8:      layout_rooms, nicolae_qazlal_style_of_elements, cheibriados_altar_1,
          dpeg_oklobed_lair, nicolae_shop_i_like_big_books,
          chequers_serial_rivers_small_a, grunt_decor_fettered,
          kennysheep_generic_room_11, uniq_pikel
D:9:      nzn_winding_woodlands_large [nzn_winding_woodlands_5x5_checkerboard,
          nzn_winding_woodlands_5x15_crooked,
          nzn_winding_woodlands_5x5_open_star,
          nzn_winding_woodlands_center_pierced_h,
          nzn_winding_woodlands_15x15_killbox,
          nzn_winding_woodlands_center_triple_pond,
          nzn_winding_woodlands_5x5_closed_star,
          nzn_winding_woodlands_5x15_parted, nzn_winding_woodlands_5x5_three],
          layout_layer_cave, orc_0_dummy, minmay_crystal_room, nicolae_good_shop

Skill      XL: |  1  2  3  4  5  6  7  8  9 10 |
---------------+-------------------------------+-----
Maces & Flails | 3 4 5 6 |  6.0
Shields        | 1 |  1.0
Axes           | 2 4 6 9 12 15 17 | 17.2
Invocations    | 2 3 |  3.7
Fighting       | |  3.6
Armour         | |  2.4
Dodging        | |  1.1

Action                   |  1- 3 |  4- 6 |  7- 9 | 10-12 || total
-------------------------+-------+-------+-------+-------++-------
Melee: Mace              |    67 |    39 |       |       ||   106
       Headbutt          |     7 |    13 |    25 |    11 ||    56
       Broad axe         |       |    51 |   199 |    62 ||   312
       Punch             |       |     1 |     3 |       ||     4
Throw: Boomerang         |       |       |       |     5 ||     5
  Use: Scroll            |       |    11 |     8 |       ||    19
       Potion            |       |       |     3 |     1 ||     4
Armor: Leather armour    |    11 |     2 |       |       ||    13
       Scale mail        |       |    29 |       |       ||    29
       Chain mail        |       |     4 |    20 |       ||    24
       Plate armour      |       |       |    77 |    19 ||    96
Dodge: Dodged            |    37 |    43 |    70 |     9 ||   159
Block: Other             |    14 |    25 |    42 |       ||    81
       Reflection        |       |       |     3 |     3 ||     6
       Kite shield       |       |       |     7 |    30 ||    37

Table legend: (Time is in decaauts)
 A = Elapsed time spent in this place.
 B = Non-inter-level travel time spent in this place.
 C = Inter-level travel time spent in this place.
 D = Time resting spent in this place.
 E = Time spent auto-exploring this place.
 F = Levels seen in this place.
 G = Mean time per level.
                   A        B        C        D        E       F      G
               +--------+--------+--------+--------+--------+-----+--------+
         Total |   9399 |   9194 |    205 |   1757 |   6189 |  10 |  939.9 |
       Dungeon |   9398 |   9193 |    205 |   1757 |   6189 |   9 | 1044.2 |
         Abyss |      1 |      1 |      0 |      0 |      0 |   1 |    1.0 |
               +--------+--------+--------+--------+--------+-----+--------+

Top non-repeatable levels by time:
     D:7: 1408 daAuts
     D:8: 1400 daAuts
     D:9: 1156 daAuts
     D:4: 1048 daAuts
     D:1: 999 daAuts
     D:2: 965 daAuts
     D:6: 879 daAuts
     D:5: 866 daAuts
     D:3: 673 daAuts
 Abyss:1: 1 daAuts
